 Dungeon Crawl Stone Soup version 0.18.1-48-g4cf74bf (webtiles) character file.

473 Heedrag the Conjurer (level 6, -3/32 HPs)
             Began as a Deep Elf Conjurer on Aug 7, 2016.
             Shot with an arrow by a centaur (14 damage)
             ... on level 5 of the Dungeon.
             The game lasted 00:09:34 (3638 turns).

Heedrag the Conjurer (Deep Elf Conjurer)            Turns: 3638, Time: 00:09:35

Health: -3/32      AC:  4    Str:  7    XL:     6   Next: 84%
Magic:  1/16       EV: 13    Int: 20    God:
Gold:   235        SH:  0    Dex: 15    Spells: 4 memorised, 3 levels left

rFire  . . .     SeeInvis .     z - +0 dagger (flame)
rCold  . . .     Gourm    .     a - +0 robe
rNeg   . . .     Faith    .     (no shield)
rPois  +         Spirit   .     (no helmet)
rElec  +         Dismiss  .     (no cloak)
rCorr  .         Reflect  .     i - +0 pair of gloves
SustAt .         Harm     .     y - +0 pair of boots (curse)
MR     .....     Rnd*Rage +     v - amulet of inaccuracy (curse)
Stlth  ++........               (no ring)
                                (no ring)

@: not resistant to hostile enchantments, unstealthy
A: berserk 1, poison resistance, electricity resistance, slow regeneration 1
a: no special abilities


You were on level 5 of the Dungeon.
You were hungry.

You visited 1 branch of the dungeon, and saw 5 of its levels.

You collected 235 gold pieces.

Inventory:

Hand Weapons
 d - a +0 dagger
 z - a +0 dagger of flaming (weapon)
Armour
 a - a +0 robe (worn)
 i - a +0 pair of gloves (worn)
 y - a cursed +0 pair of boots (worn)
Jewellery
 v - a cursed amulet of inaccuracy (around neck)
 D - a +3 amulet of reflection {unknown}
Wands
 E - a wand of paralysis (12/24)
Scrolls
 e - a scroll of teleportation {unknown}
 g - 7 scrolls of identify {unknown}
 h - 3 scrolls of blinking {unknown}
 j - 2 scrolls of fog {unknown}
 n - a scroll of enchant armour {unknown}
 o - 6 scrolls of enchant weapon {unknown}
 p - a scroll of recharging {unknown}
 s - 2 scrolls of fear {unknown}
 t - 3 scrolls of remove curse {unknown}
 A - a scroll of noise {unknown}
 B - a scroll of magic mapping {unknown}
Potions
 f - 3 potions of curing {unknown}
 l - a potion of mutation {unknown}
 m - a potion of agility {unknown}
 q - a potion of might {unknown}
 u - a potion of ambrosia {unknown}
 x - a potion of brilliance {unknown}
 C - a potion of flight {unknown}
Books
 b - a book of Conjurations

   Spells                             Type                      Level
   a - Magic Dart                     Conjuration                  1
   b - Searing Ray                    Conjuration                  2
   c - Dazzling Spray                 Conjuration/Hexes            3
   d - Fulminant Prism                Conjuration/Hexes            4
   e - Iskenderun's Mystic Blast      Conjuration                  4
   f - Iskenderun's Battlesphere      Conjuration/Charms           5
Comestibles
 c - 3 bread rations
 k - 3 meat rations
 r - a beef jerky
 w - a slice of pizza
 F - a chunk of flesh


   Skills:
 - Level 3.2 Dodging
 - Level 3.0 Stealth
 + Level 5.9 Spellcasting
 * Level 6.9 Conjurations
 + Level 3.5 Charms


You had 3 spell levels left.
You knew the following spells:

 Your Spells              Type           Power        Failure   Level  Hunger
a - Magic Dart            Conj           ####         1%          1    None
b - Dazzling Spray        Conj/Hex       ###...       10%         3    ##.....
c - Iskenderun's Mystic   Conj           ####....     10%         4    ####...
d - Iskenderun's Battles  Conj/Chrm      ####....     38%         5    #####..


Dungeon Overview and Level Annotations

Branches:
Dungeon (5/15)
 Temple: D:4-7

Altars:
Kikubaaqudgha
Qazlal
Trog

Shops:
D:5 (


Innate Abilities, Weirdness & Mutations

You tend to lose your temper in combat.
Your system is resistant to poisons.
You are resistant to electric shocks.
You regenerate slowly when monsters are visible.


Message History

Confirm wit' . or Enter, or press ? or * ta list all spells.
Aimin': Magic Dart
Press: ? - help, Shift-Dir - straight line, f/p - centaur
Aim: a centaur, wieldin' a shortbow (lightly wounded) Tha magic dart hits tha centaur.
Tha centaur be lightly wounded.
Yer battlesphere fires!
Tha barrage o' energy hits tha centaur.
Tha centaur be heavily wounded.
Tha centaur shoots an arrow.
Tha arrow barely misses ye.
Tha arrow hits yer battlesphere!
Castin': Magic Dart Confirm wit' . or Enter, or press ? or * ta list all spells.
Aimin': Magic Dart
Press: ? - help, Shift-Dir - straight line, f/p - centaur
Aim: a centaur, wieldin' a shortbow (heavily wounded) Tha magic dart hits tha centaur.
Tha centaur be heavily wounded.
Tha centaur shoots an arrow.
Tha arrow hits ye!
Ye die...

#..#.###.# .>.....
#...# #.(c# ##+#
###.# ##...## #(#
##.....## ### #.#
##.......## ##*###ยง#
#.........####.(@##(#
+.........'.......c.#
#.........####...####
#.......## #.>##
##.....## #.##
##...## #.# ##'## #.#
#.# #.# #.# .#


You could see a centaur and a friendly battlesphere (wandering).

Vanquished Creatures
  A sky beast (D:5)
  A scorpion (D:4)
  A crimson imp (D:5)
  A hound (D:5)
  A centaur skeleton (D:5)
  An orc priest (D:4)
  An iguana (D:4)
  A worker ant (D:5)
  5 adders
  A howler monkey skeleton (D:4)
  3 worms
  2 dart slugs
  A giant gecko (D:3)
  20 orcs
  6 giant cockroaches
  4 goblins
  2 hobgoblins (D:1)
  7 jackals (D:3)
  A quokka (D:3)
  A ball python (D:2)
  9 bats
  2 giant newts
  A jackal skeleton (D:4)
  2 kobolds
  A rat (D:2)
76 creatures vanquished.

Notes
Turn   | Place    | Note
--------------------------------------------------------------
     0 | D:1      | Heedrag the Deep Elf Conjurer began the quest for the Orb.
     0 | D:1      | Reached XP level 1. HP: 10/10 MP: 6/6
   181 | D:1      | Reached XP level 2. HP: 15/15 MP: 4/8
   611 | D:1      | You fall through a shaft!
   657 | D:2      | Reached XP level 3. HP: 19/19 MP: 2/9
   838 | D:2      | Learned a level 3 spell: Dazzling Spray
   974 | D:2      | Found a stormy altar of Qazlal.
  1290 | D:3      | Reached skill level 5 in Conjurations
  1325 | D:3      | Reached XP level 4. HP: 24/24 MP: 0/12
  1489 | D:3      | Learned a level 4 spell: Iskenderun's Mystic Blast
  2195 | D:4      | Reached XP level 5. HP: 28/28 MP: 3/14
  2202 | D:4      | Learned a level 5 spell: Iskenderun's Battlesphere
  2302 | D:4      | Reached skill level 5 in Spellcasting
  2382 | D:4      | Found an ancient bone altar of Kikubaaqudgha.
  2493 | D:4      | Reached skill level 6 in Conjurations
  2493 | D:4      | Reached skill level 1 in Charms
  2825 | D:4      | Found a bloodstained altar of Trog.
  3167 | D:5      | Entered Level 5 of the Dungeon
  3193 | D:5      | Reached XP level 6. HP: 32/32 MP: 10/16
  3303 | D:5      | Noticed a sky beast
  3311 | D:5      | Killed a sky beast
  3315 | D:5      | Gained mutation: You regenerate slowly when monsters are visible. [mutagenic meat]
  3316 | D:5      | Gained mutation: Your system is resistant to poisons. [mutagenic meat]
  3317 | D:5      | Gained mutation: You are resistant to electric shocks. [mutagenic meat]
  3318 | D:5      | Gained mutation: You tend to lose your temper in combat. [mutagenic meat]
  3334 | D:5      | Found Houcuafa's Weapon Shoppe.
  3638 | D:5      | Shot with an arrow by a centaur

Skill      XL: |  1  2  3  4  5  6 |
---------------+-------------------+-----
Dodging        | 3 |  3.2
Stealth        | 3 |  3.0
Spellcasting   | 4 5 |  5.9
Conjurations   | 5 6 |  6.9
Charms         | 2 3 |  3.5

Action                   |  1- 3 |  4- 6 || total
-------------------------+-------+-------++-------
Melee: Dagger            |     9 |     4 ||    13
 Cast: Magic Dart        |    71 |   141 ||   212
       Iskenderun's Batt |       |     2 ||     2
       Dazzling Spray    |       |     1 ||     1
  Eat: Chunk             |     1 |    11 ||    12
Armor: Robe              |     3 |     8 ||    11
Dodge: Dodged            |     9 |    31 ||    40
